 Dungeon Sprint DCSS version 0.31-a0-986-g5e6e4ef867 (webtiles) character file.

Game seed: 10617916669188128667

8109 sircluck the Brawler (level 11, 0/127 HPs)
             Began as a Troll Berserker on Nov 10, 2023.
             Was a High Priest of Trog.
             Killed from afar by a nagaraja (43 damage)
             ... with a bolt of poison
             ... in the Dungeon (Sprint VII: "The Pits").
             The game lasted 00:03:30 (929 turns).

sircluck the Brawler (Troll Berserker)               Turns: 929, Time: 00:03:31

Health: 0/127      AC:  4    Str: 34    XL:     11   Next: 5%
Magic:  10/10      EV: 12    Int:  3    God:    Trog [*****.]
Gold:   0          SH:  0    Dex: 12    Spells: 10/10 levels left

rFire   . .          .
                       - Unarmed
rCold   . . .        (no shield)
rNeg    . . .        a - +0 animal skin
rPois   .            (helmet restricted)
rElec   .            (no cloak)
rCorr   .            (gloves unavailable)
SInv    .            (boots unavailable)
Will    .....        (no amulet)
Stlth   +            k - +3 ring of strength
HPRegen 1.21/turn    l - +3 ring of dexterity
MPRegen 0.12/turn

%: no teleportation
@: lethally poisoned (0 -> -21), mesmerised, constricted
A: large, unfitting armour, claws 3, regeneration 1, shaggy fur 1, tough skin 1
a: Renounce Religion, Berserk, Trog's Hand, Brothers in Arms


You were in the Dungeon.
You worshipped Trog.
Trog was extremely pleased with you.
You visited 1 branch

Inventory:

Armour
 a - a +0 animal skin (worn)
Jewellery
 k - a +3 ring of strength (left claw)
 l - a +3 ring of dexterity (right claw)
 p - a +4 ring of protection
Wands
 o - a wand of charming (5)
Scrolls
 g - a scroll of blinking
 i - 2 scrolls of vulnerability
 j - a scroll of summoning
Potions
 b - 8 potions of curing
 c - 6 potions of heal wounds
 d - 2 potions of haste
 e - 4 potions of magic
 f - 3 potions of berserk rage
 h - 2 potions of invisibility
 m - a potion of mutation
 n - 2 potions of might


   Skills:
 + Level 13.6 Fighting
 + Level 13.4 Dodging
 + Level 15.8 Unarmed Combat


You had 10 spell levels left.
You didn't know any spells.
Your spell library was empty.

Dungeon Overview and Level Annotations

Branches:
Dungeon (1/1)

Altars:
Ashenzari
Cheibriados
Dithmenos
Elyvilon
Fedhas
Gozag
Hepliaklqana
Kikubaaqudgha
Makhleb
Nemelex Xobeh
Okawaru
Qazlal
Ru
Sif Muna
Trog
Uskayaw
Vehumet
Wu Jian
Xom
Yredelemnul
Zin
The Shining One
Jiyva
Lugonu


Innate Abilities, Weirdness & Mutations

You are too large for most types of armour.
You have claws for hands.
Your natural rate of healing is unusually fast.
You are covered in fur. (AC +1)
You have tough skin. (AC +1)


Message History

You scratch the nagaraja.
The nagaraja is heavily wounded.
The nagaraja spits poison at you. The splash of poison misses you.
The merfolk siren chants its luring song.
The blink frog blinks!
You completely miss the nagaraja.
The nagaraja is heavily wounded.
The quokka twitches its whiskers.
The blink frog blinks!
The nagaraja hits you with a +0 whip! The nagaraja closely misses you.
The blink frog misses you.
You barely miss the nagaraja.
The nagaraja is heavily wounded.
The quokka twitches its whiskers.
The merfolk siren chants its luring song.
The nagaraja closely misses you. The nagaraja grabs you.
The nagaraja constricts you. The blink frog closely misses you.
You closely miss the nagaraja.
The nagaraja is moderately wounded.
The blink frog blinks!
The nagaraja hits you with a +0 whip!! The nagaraja constricts you.
The blink frog barely misses you.
You eviscerate the nagaraja!!!
The nagaraja is almost dead.
The nagaraja hits you with a +0 whip. The nagaraja constricts you.
The blink frog hits you!
The blink frog blinks!
You scratch the nagaraja. Your claw misses the nagaraja.
The nagaraja is almost dead.
The merfolk siren chants its luring song.
The nagaraja gestures at you while chanting.
The bolt of poison hits you!!
You are poisoned.
The nagaraja constricts you.
The blink frog blinks!
Unknown command.
You scratch the nagaraja but do no damage.
The nagaraja is almost dead.
You feel very sick.
The nagaraja points at you and mumbles some strange words.
The bolt of poison hits you!!!
You are more poisoned.
You die... ##### ############### #### .....†........###..# . #.....)........#..## .# ###...#'######..)## ... ..#####.##...##+## .#.# ....##..)#...#...# hFm..

)....#...#...#...#nrF...
.....'...+...'.§@NDMh...
.....#.).#...#.).#MF....
....##.†.#...#..F# .....
..#####)##...##'## .#.#
###...#)######.†.# ...
#..............#..# .#
..............###..# .
############### ###


You could see a nagaraja (fast), a four-headed hydra, a merfolk siren
(mesmerising), 4 blink frogs, a warg, a necrophage, 2 mummies, a quokka and a
jackal.

Vanquished Creatures
  A sea snake (D)
  A deep troll (D)
  A manticore (D)
  2 tyrant leeches (D)
  3 dream sheep (D)
  A glass eye (D)
  A wyvern (D)
  A redback (D)
  A warg (D)
  A water moccasin (D)
  A swamp drake (D)
  A sky beast (D)
  A wolf (D)
  A scorpion (D)
  A gnoll bouda (D)
  4 orc priests (D)
  2 orc wizards (D)
  An adder (D)
  2 gnolls (D)
  A river rat (D)
  An ufetubus (D)
  7 orcs (D)
  2 bats (D)
  An endoplasm (D)
  A giant cockroach (D)
  2 goblins (D)
  3 jackals (D)
  A ball python (D)
  2 frilled lizards (D)
48 creatures vanquished.

Vanquished Creatures (collateral kills)
  A hydra (D)
  A two-headed ogre (D)
  A boulder beetle (D)
  An orange demon (D)
  Joseph (D)
  A wandering mushroom (D)
  A tyrant leech (D)
  4 dream sheep (D)
  A flying skull (D)
  A jumping spider (D)
  A spriggan (D)
  A fire elemental (D)
  Edmund (D)
  An acid dragon (D)
  A small abomination (D)
  An orc priest (D)
  A hound (D)
  2 orc wizards (D)
  An adder (D)
  An orc (D)
24 creatures vanquished.

Grand Total: 72 creatures vanquished

Notes
Turn   | Place    | Note
-------+----------+-------------------------------------------
     0 | D        | sircluck the Troll Berserker began the quest for the Orb.
     0 | D        | Reached XP level 1. HP: 22/22 MP: 0/0
    24 | D        | Found a bloodstained altar of Trog.
    24 | D        | Found a shimmering blue altar of Sif Muna.
    24 | D        | Found a viscous altar of Jiyva.
    24 | D        | Found a hazy altar of Hepliaklqana.
    24 | D        | Found an opulent altar of Gozag.
    25 | D        | Found a glowing golden altar of the Shining One.
    25 | D        | Found a glowing silver altar of Zin.
    25 | D        | Found a basalt altar of Yredelemnul.
    25 | D        | Found a shimmering altar of Xom.
    25 | D        | Found an ornate altar of the Wu Jian Council.
    25 | D        | Found a sacrificial altar of Ru.
    25 | D        | Found a stormy altar of Qazlal.
    25 | D        | Found an iron altar of Okawaru.
    25 | D        | Found a sparkling altar of Nemelex Xobeh.
    25 | D        | Found a burning altar of Makhleb.
    25 | D        | Found a blossoming altar of Fedhas.
    25 | D        | Found a white marble altar of Elyvilon.
    25 | D        | Found a shadowy altar of Dithmenos.
    25 | D        | Found a snail-covered altar of Cheibriados.
    27 | D        | Found a radiant altar of Vehumet.
    27 | D        | Found a corrupted altar of Lugonu.
    28 | D        | Found a hide-covered altar of Uskayaw.
    28 | D        | Found an ancient bone altar of Kikubaaqudgha.
    28 | D        | Found a broken altar of Ashenzari.
    62 | D        | Reached ** piety under Trog
    68 | D        | Noticed a glass eye
    81 | D        | Killed a glass eye
    82 | D        | Reached skill level 5 in Fighting
    82 | D        | Reached skill level 5 in Dodging
    82 | D        | Reached skill level 7 in Unarmed Combat
    82 | D        | Reached XP level 2. HP: 36/36 MP: 1/1
    82 | D        | Reached XP level 3. HP: 44/44 MP: 2/2
    82 | D        | Reached XP level 4. HP: 52/52 MP: 3/3
    82 | D        | Reached XP level 5. HP: 59/59 MP: 4/4
   208 | D        | Reached *** piety under Trog
   264 | D        | Noticed a wolf
   274 | D        | Reached **** piety under Trog
   275 | D        | Noticed a warg
   284 | D        | Killed a warg
   285 | D        | Reached skill level 8 in Unarmed Combat
   285 | D        | Reached XP level 6. HP: 71/71 MP: 5/5
   308 | D        | Reached ***** piety under Trog
   309 | D        | Reached skill level 9 in Unarmed Combat
   310 | D        | Received a gift from Trog
   311 | D        | Reached XP level 7. HP: 42/79 MP: 6/6
   411 | D        | Noticed an orange demon
   411 | D        | Noticed a two-headed ogre
   411 | D        | Noticed a flying skull
   414 | D        | Killed a flying skull
   415 | D        | Reached skill level 10 in Unarmed Combat
   416 | D        | Killed a two-headed ogre
   417 | D        | Reached skill level 11 in Unarmed Combat
   417 | D        | Reached XP level 8. HP: 93/93 MP: 7/7
   417 | D        | Killed an orange demon
   418 | D        | Reached skill level 10 in Fighting
   418 | D        | Reached skill level 10 in Dodging
   520 | D        | Received a gift from Trog
   524 | D        | Reached skill level 12 in Unarmed Combat
   633 | D        | Received a gift from Trog
   634 | D        | Reached XP level 9. HP: 97/102 MP: 8/8
   660 | D        | Noticed Joseph
   660 | D        | Noticed a five-headed hydra
   662 | D        | Killed a six-headed hydra
   662 | D        | Reached ****** piety under Trog
   663 | D        | Reached skill level 13 in Unarmed Combat
   663 | D        | Killed Joseph
   709 | D        | Received a gift from Trog
   714 | D        | Noticed a tyrant leech
   714 | D        | Noticed Edmund
   716 | D        | Reached XP level 10. HP: 82/115 MP: 9/9
   718 | D        | Received a gift from Trog
   719 | D        | Reached skill level 14 in Unarmed Combat
   721 | D        | Killed Edmund
   777 | D        | Noticed a manticore
   789 | D        | Killed a manticore
   850 | D        | Received a gift from Trog
   853 | D        | Noticed a deep troll
   859 | D        | Killed a deep troll
   860 | D        | Reached skill level 15 in Unarmed Combat
   906 | D        | Noticed a four-headed hydra
   906 | D        | Noticed a boulder beetle
   906 | D        | Noticed a sea snake
   906 | D        | Noticed a merfolk siren
   906 | D        | Noticed a nagaraja
   917 | D        | Killed a boulder beetle
   920 | D        | Killed a sea snake
   921 | D        | Reached XP level 11. HP: 127/127 MP: 10/10
   929 | D        | Killed from afar by a nagaraja

Illustrated notes

Levels and vault maps discovered:
D:        pitsprint [storerooms_1, entrance_room_1, metal_vault_1, armoury_3,
          mini_pit_1, grid_room_1, main_hall_1, silver_pit, the_coven_1,
          the_vestibule_1, steel_vault_5, golden_pit, hallway_of_sentries,
          crystal_vault_5, iron_vault_4, final_vault]

Skill      XL: |  1  2  3  4  5  6  7  8  9 10 |
---------------+-------------------------------+-----
Fighting       | 5 7 9 10 11 13 | 13.6
Dodging        | 5 7 9 10 11 13 | 13.4
Unarmed Combat | 7 8 9 11 12 13 15 | 15.8

Action                     |  1- 3 |  4- 6 |  7- 9 | 10-12 || total
---------------------------+-------+-------+-------+-------++-------
  Melee: Unarmed           |    19 |    32 |    49 |    37 ||   137
         Punch             |       |       |       |     4 ||     4
 Invoke: Brothers in Arms  |       |       |     2 |     5 ||     7
         Berserk           |       |       |       |     1 ||     1
   Stab: Sleeping          |     1 |     1 |     1 |     1 ||     4
         Distracted        |       |       |       |     1 ||     1
 Armour: Animal skin       |     4 |    28 |    28 |    18 ||    78
  Dodge: Dodged            |     5 |    22 |    35 |    17 ||    79

Table legend: (Time is in decaauts)
 A = Elapsed time spent in this place.
 B = Non-inter-level travel time spent in this place.
 C = Inter-level travel time spent in this place.
 D = Time resting spent in this place.
 E = Time spent auto-exploring this place.
 F = Levels seen in this place.
 G = Mean time per level.
                   A        B        C        D        E       F      G
               +--------+--------+--------+--------+--------+-----+--------+
         Total |    915 |    915 |      0 |    309 |    140 |   1 |  915.0 |
       Dungeon |    915 |    915 |      0 |    309 |    140 |   1 |  915.0 |
               +--------+--------+--------+--------+--------+-----+--------+

Top non-repeatable levels by time:
       D: 915 daAuts
